Sarnia Sailors vs Atlantic City Gamblers
Created - Tuesday, October 17, 2023 at 07:13
Goals
|
| Sarnia Sailors |
2 |
2 |
1 |
5 |
| Atlantic City Gamblers |
1 |
1 |
1 |
3 |
|
Shots
|
| Sarnia Sailors |
9 |
10 |
18 |
37 |
| Atlantic City Gamblers |
3 |
17 |
8 |
28 |
|
1st period
1. Sarnia Sailors , Vasily Podkolzin 20 (Keegan Kolesar 16, Tristen Nielsen 23) at 2:28 (PP)
2. Sarnia Sailors , Vasily Podkolzin 21 (Keegan Kolesar 17) at 2:51
3. Atlantic City Gamblers , Hendrix Lapierre 6 (Yegor Chinakhov 20) at 15:38
Penalties :
Aleksi Heponiemi (ACG) for Tripping (Minor) at 1:57, Ronnie Attard (ACG) for Fighting (Major) at 7:24, Jesse Puljujarvi (SAR) for Fighting (Major) at 7:24, Jesse Puljujarvi (SAR) for instigated a fight (Minor) at 7:24, Jesse Puljujarvi (SAR) for instigated a fight (10 Minutes Misconduct) at 7:24, Daniil Chayka (ACG) for Fighting (Major) at 16:14, Robert Hamilton (SAR) for Fighting (Major) at 16:14, Daniil Chayka (ACG) for instigated a fight (Minor) at 16:14, Daniil Chayka (ACG) for instigated a fight (10 Minutes Misconduct) at 16:14
2nd period
4. Sarnia Sailors , Tristen Nielsen 12 (Jesse Puljujarvi 17, Jack Rathbone 21) at 9:39
5. Atlantic City Gamblers , Yegor Chinakhov 15 (Hendrix Lapierre 6, Ronnie Attard 4) at 14:23
6. Sarnia Sailors , Vasily Podkolzin 22 (Jack Rathbone 22, Kevin Stenlund 19) at 19:16
Penalties :
Cal Foote (ACG) for Fighting (Major) at 0:28, Adam Ginning (SAR) for Fighting (Major) at 0:28, Cal Foote (ACG) for instigated a fight (Minor) at 0:28, Cal Foote (ACG) for instigated and being the aggresor in a fight (20 Minutes Game Misconduct) at 0:28, Simon Edvinsson (ACG) for Fighting (Major) at 16:14, Keegan Kolesar (SAR) for Fighting (Major) at 16:14
3rd period
7. Atlantic City Gamblers , Ronnie Attard 2 (Yegor Chinakhov 21, Nicolas Hague 13) at 6:33 (PP)
8. Sarnia Sailors , Keegan Kolesar 26 (Zach Uens 2, Vasily Podkolzin 20) at 11:48
Penalties :
Yegor Chinakhov (ACG) for Fighting (Major) at 0:07, Brad Lambert (SAR) for Fighting (Major) at 0:07, Cole Reinhardt (SAR) for Roughing (Minor) at 2:22, Declan Chisholm (SAR) for Hooking (Minor) at 5:58, Nicolas Hague (ACG) for Holding Stick (Minor) at 7:07, Ronnie Attard (ACG) for Fighting (Major) at 15:09, Declan Chisholm (SAR) for Fighting (Major) at 15:09
Goalie Stats
Remi Poirier (SAR), 25 saves from 28 shots - (0.893), W, 6-5-0, 60:00 minutes
Brian Elliott (ACG), 32 saves from 37 shots - (0.865), L, 15-15-1, 60:00 minutes
Players Stats for Sarnia Sailors
Player Name G A P +/- PIM S H SB GA TA FO MP PP MP PK MP
------------------------------------------------------------------------------------
Adam Erne 0 0 0 0 0 0 3 0 1 0 0/1 14:40 0:09 2:19
Adam Ginning 0 0 0 -1 5 2 2 1 0 1 0/0 19:10 1:42 2:42
Brad Lambert 0 0 0 0 5 0 0 0 0 0 1/1 12:27 3:06 0:00
Cole Reinhardt 0 0 0 1 2 1 2 1 1 0 0/0 17:09 2:53 0:20
Daniel Torgersson 0 0 0 0 0 0 2 1 0 0 0/0 8:35 0:00 0:00
Declan Chisholm 0 0 0 1 7 1 2 1 0 0 0/0 18:46 0:00 1:51
Dominic Toninato 0 0 0 0 0 3 0 3 0 0 5/8 12:47 0:50 0:55
Jack Rathbone 0 2 2 1 0 3 0 1 1 0 0/0 28:54 3:26 2:42
Jamie Drysdale 0 0 0 -1 0 0 0 0 1 1 0/0 18:42 3:48 0:00
Jesse Puljujarvi 0 1 1 0 17 1 3 0 1 1 1/1 10:01 0:59 0:00
Keegan Kolesar 1 2 3 1 5 6 1 1 0 0 2/3 20:49 3:26 1:15
Kevin Stenlund 0 1 1 2 0 6 2 0 1 1 18/33 22:56 2:53 2:18
Laurent Dauphin 0 0 0 0 0 2 3 1 1 2 0/2 9:50 0:00 1:15
Lucas Edmonds 0 0 0 0 0 1 3 2 0 0 0/0 12:55 1:01 0:00
Robert Hamilton 0 0 0 2 5 0 1 1 0 0 0/0 15:03 0:58 1:51
Tristen Nielsen 1 1 2 0 0 2 0 0 0 1 6/10 14:48 3:13 0:14
Vasily Podkolzin 3 1 4 2 0 6 1 1 2 0 0/1 21:51 3:26 0:30
Zach Uens 0 1 1 2 0 3 0 1 0 0 0/0 15:56 0:30 0:00
Players Stats for Atlantic City Gamblers
Player Name G A P +/- PIM S H SB GA TA FO MP PP MP PK MP
------------------------------------------------------------------------------------
Aleksi Heponiemi 0 0 0 -2 2 1 1 0 0 0 7/15 16:28 2:06 0:00
Alex Beaucage 0 0 0 1 0 0 0 0 0 0 0/0 9:16 0:00 0:00
Alexander Holtz 0 0 0 -1 0 6 1 0 4 0 0/0 14:16 0:40 0:10
Boris Katchouk 0 0 0 -2 0 4 0 0 0 1 1/3 19:08 2:06 2:40
Cal Foote 0 0 0 0 27 0 0 1 0 0 0/0 6:35 0:56 1:10
Daniil Chayka 0 0 0 1 17 0 1 1 0 0 0/0 13:25 0:28 0:53
Egor Sokolov 0 0 0 -1 0 2 2 0 1 0 0/1 15:13 0:00 2:53
Filip Roos 0 0 0 -3 0 0 0 2 0 1 0/0 20:25 2:03 2:52
Hendrix Lapierre 1 1 2 1 0 1 1 0 0 0 1/6 11:08 0:00 0:48
Jakub Lauko 0 0 0 -2 0 0 3 0 0 1 0/0 16:41 2:12 0:00
Jean-Luc Foudy 0 0 0 0 0 2 2 0 1 0 8/18 14:40 2:07 0:00
Linus Karlsson 0 0 0 -1 0 2 3 0 0 1 8/13 15:38 0:51 0:00
Nicolas Hague 0 1 1 0 2 2 1 2 0 3 0/0 25:34 2:30 2:20
Nils Hoglander 0 0 0 0 0 2 1 0 0 1 0/1 18:33 2:21 3:21
Ronnie Attard 1 1 2 0 10 1 1 2 0 1 0/0 18:43 1:06 0:48
Simon Edvinsson 0 0 0 1 5 0 0 2 0 0 0/0 14:53 0:00 2:01
Thomas Harley 0 0 0 -3 0 0 0 1 1 0 0/0 20:44 2:03 2:52
Yegor Chinakhov 1 2 3 1 5 5 3 0 0 0 2/3 22:25 1:16 3:25
3 Stars
1 - Vasily Podkolzin (SAR)
2 - Tristen Nielsen (SAR)
3 - Hendrix Lapierre (ACG)
Power Play
Sarnia Sailors - 1 on 4 Attempt(s) - 25.00%
Atlantic City Gamblers - 1 on 3 Attempt(s) - 33.33%
Penalty Kill
Sarnia Sailors - 2 on 3 Attempt(s) - 66.67%
- Score 0 goal in Penalty Kill
Atlantic City Gamblers - 3 on 4 Attempt(s) - 75.00%
- Score 0 goal in Penalty Kill
Team Stat
Sarnia Sailors - Hits : 25 - Faceoff Wins : 33 - Blocked Shots : 15 - Penalty Minutes : 46
Atlantic City Gamblers - Hits : 20 - Faceoff Wins : 27 - Blocked Shots : 11 - Penalty Minutes : 68
Official
Referees : Ian Walsh and Dave Jackson
Linesman : Bryan Pancich and Greg Devorski
Game Notes
Ronnie Attard and Jesse Puljujarvi fight to a draw at 7:24 of 1st period
Daniil Chayka beats up Robert Hamilton at 16:14 of 1st period
Adam Ginning beats up Cal Foote at 0:28 of 2nd period
Cal Foote ejected from game at 0:28 of 2nd period
Keegan Kolesar beats up Simon Edvinsson at 16:14 of 2nd period
Vasily Podkolzin has scored a Hat Trick!
Brad Lambert beats up Yegor Chinakhov at 0:07 of 3rd period
Ronnie Attard and Declan Chisholm fight to a draw at 15:09 of 3rd period
Sarnia Sailors
5 vs 5 Forward
Center Left Wing Right Wing Time % Phy DF OF
1 Kevin Stenlund Vasily Podkolzin Keegan Kolesar 40 2 1 2
2 Tristen Nielsen Adam Erne Jesse Puljujarvi 30 2 1 2
3 Dominic Toninato Cole Reinhardt Lucas Edmonds 20 1 2 2
4 Laurent Dauphin Daniel Torgersson Brad Lambert 10 2 1 2
5 vs 5 Defense
Defense Defense Time % Phy DF OF
1 Declan Chisholm Jack Rathbone 40 1 2 2
2 Jamie Drysdale Adam Ginning 30 2 1 2
3 Zach Uens Robert Hamilton 20 2 2 1
4 Adam Ginning Jack Rathbone 10 1 2 2
PowerPlay Forward
Center Left Wing Right Wing Time % Phy DF OF
1 Tristen Nielsen Vasily Podkolzin Keegan Kolesar 60 2 1 2
2 Kevin Stenlund Cole Reinhardt Jesse Puljujarvi 40 1 1 3
PowerPlay Defense
Defense Defense Time % Phy DF OF
1 Jamie Drysdale Jack Rathbone 60 1 1 3
2 Adam Ginning Brad Lambert 40 2 1 2
Penalty Kill 4 Players Forward
Center Wing Time % Phy DF OF
1 Kevin Stenlund Adam Erne 60 2 2 1
2 Laurent Dauphin Keegan Kolesar 40 2 2 1
Penalty Kill 4 Players Defense
Defense Defense Time % Phy DF OF
1 Adam Ginning Jack Rathbone 60 2 1 2
2 Declan Chisholm Robert Hamilton 40 2 2 1
Penalty Kill - 3 Players Forward
Forward Time % Phy DF OF
1 Kevin Stenlund 60 2 2 1
2 Tristen Nielsen 40 2 2 1
Penalty Kill - 3 Players Defense
Defense Defense Time % Phy DF OF
1 Adam Ginning Jack Rathbone 60 2 1 2
2 Declan Chisholm Robert Hamilton 40 2 2 1
4 vs 4 Forward
Center Wing Time % Phy DF OF
1 Kevin Stenlund Keegan Kolesar 60 2 1 2
2 Tristen Nielsen Vasily Podkolzin 40 2 1 2
4 vs 4 Defense
Defense Defense Time % Phy DF OF
1 Declan Chisholm Jack Rathbone 60 1 2 2
2 Jamie Drysdale Robert Hamilton 40 2 1 2
Last Minutes Offensive
Center Left Wing Right Wing Defense Defense
Tristen Nielsen Vasily Podkolzin Keegan Kolesar Jamie Drysdale Jack Rathbone
Last Minutes Defensive
Center Left Wing Right Wing Defense Defense
Kevin Stenlund Adam Erne Tristen Nielsen Adam Ginning Jack Rathbone
Goaltenders
Starting : Remi Poirier
Backup : Dylan Ferguson
Extra Forwards
Normal : Brad Lambert, Cole Reinhardt, Lucas Edmonds - PP : Brad Lambert, Cole Reinhardt - PK : Dominic Toninato
Extra Defensemen
Normal : Zach Uens, Jamie Drysdale, Adam Ginning - PP : Robert Hamilton - PK : Zach Uens, Jamie Drysdale
Penalty Shots
Tristen Nielsen, Vasily Podkolzin, Keegan Kolesar, Kevin Stenlund, Cole Reinhardt
Atlantic City Gamblers
5 vs 5 Forward
Center Left Wing Right Wing Time % Phy DF OF
1 Jean-Luc Foudy Yegor Chinakhov Nils Hoglander 30 1 2 2
2 Aleksi Heponiemi Boris Katchouk Jakub Lauko 30 1 2 2
3 Linus Karlsson Egor Sokolov Alexander Holtz 25 1 2 2
4 Hendrix Lapierre Yegor Chinakhov Alex Beaucage 15 1 2 2
5 vs 5 Defense
Defense Defense Time % Phy DF OF
1 Nicolas Hague Cal Foote 30 1 2 2
2 Thomas Harley Filip Roos 30 1 2 2
3 Ronnie Attard Simon Edvinsson 25 1 2 2
4 Daniil Chayka Nicolas Hague 15 1 2 2
PowerPlay Forward
Center Left Wing Right Wing Time % Phy DF OF
1 Jean-Luc Foudy Yegor Chinakhov Nils Hoglander 50 1 2 2
2 Aleksi Heponiemi Boris Katchouk Jakub Lauko 50 1 2 2
PowerPlay Defense
Defense Defense Time % Phy DF OF
1 Nicolas Hague Cal Foote 50 1 2 2
2 Thomas Harley Filip Roos 50 1 2 2
Penalty Kill 4 Players Forward
Center Wing Time % Phy DF OF
1 Yegor Chinakhov Nils Hoglander 50 1 2 2
2 Boris Katchouk Egor Sokolov 50 1 2 2
Penalty Kill 4 Players Defense
Defense Defense Time % Phy DF OF
1 Nicolas Hague Cal Foote 50 1 2 2
2 Thomas Harley Filip Roos 50 1 2 2
Penalty Kill - 3 Players Forward
Forward Time % Phy DF OF
1 Yegor Chinakhov 50 1 2 2
2 Nils Hoglander 50 1 2 2
Penalty Kill - 3 Players Defense
Defense Defense Time % Phy DF OF
1 Nicolas Hague Cal Foote 50 1 2 2
2 Thomas Harley Filip Roos 50 1 2 2
4 vs 4 Forward
Center Wing Time % Phy DF OF
1 Yegor Chinakhov Nils Hoglander 50 1 2 2
2 Boris Katchouk Egor Sokolov 50 1 2 2
4 vs 4 Defense
Defense Defense Time % Phy DF OF
1 Nicolas Hague Cal Foote 50 1 2 2
2 Thomas Harley Filip Roos 50 1 2 2
Last Minutes Offensive
Center Left Wing Right Wing Defense Defense
Jean-Luc Foudy Yegor Chinakhov Nils Hoglander Nicolas Hague Cal Foote
Last Minutes Defensive
Center Left Wing Right Wing Defense Defense
Jean-Luc Foudy Yegor Chinakhov Nils Hoglander Nicolas Hague Cal Foote
Goaltenders
Starting : Brian Elliott
Backup : Isaiah Saville
Extra Forwards
Normal : Linus Karlsson, Alexander Holtz, Hendrix Lapierre - PP : Linus Karlsson, Alexander Holtz - PK : Hendrix Lapierre
Extra Defensemen
Normal : Ronnie Attard, Simon Edvinsson, Daniil Chayka - PP : Ronnie Attard - PK : Simon Edvinsson, Daniil Chayka
Penalty Shots
Yegor Chinakhov, Nils Hoglander, Boris Katchouk, Egor Sokolov, Jean-Luc Foudy
% Time on Ice - Sarnia Sailors
Lines # - Real PCT - Wanted PCT - Time Play
Normal Forward
1 - 37% - 40% - 18:07
2 - 25% - 30% - 12:05
3 - 21% - 20% - 10:12
4 - 18% - 10% - 8:35
Normal Defense
1 - 45% - 40% - 22:02
2 - 30% - 30% - 14:35
3 - 22% - 20% - 10:49
4 - 3% - 10% - 1:33
PP Forward
1 - 50% - 60% - 3:13
2 - 50% - 40% - 3:15
PP Defense
1 - 53% - 60% - 3:26
2 - 47% - 40% - 3:02
PK Forward
1 - 73% - 60% - 3:18
2 - 27% - 40% - 1:15
PK Defense
1 - 59% - 60% - 2:42
2 - 41% - 40% - 1:51
PK3 Forward
1 - 0% - 60%
2 - 0% - 40%
PK3 Defense
1 - 0% - 60%
2 - 0% - 40%
44 Forward
1 - 0% - 60%
2 - 0% - 40%
44 Defense
1 - 0% - 60%
2 - 0% - 40%
Last Minute Offensive - 0:00
Last Minute Defensive - 0:00
Total
Forward - 60:00
Defense - 60:00
|
% Time on Ice - Atlantic City Gamblers
Lines # - Real PCT - Wanted PCT - Time Play
Normal Forward
1 - 26% - 30% - 12:58
2 - 30% - 30% - 14:45
3 - 24% - 25% - 12:00
4 - 19% - 15% - 9:16
Normal Defense
1 - 31% - 30% - 15:22
2 - 31% - 30% - 14:58
3 - 25% - 25% - 12:25
4 - 13% - 15% - 6:14
PP Forward
1 - 54% - 50% - 2:27
2 - 46% - 50% - 2:06
PP Defense
1 - 55% - 50% - 2:30
2 - 45% - 50% - 2:03
PK Forward
1 - 54% - 50% - 3:28
2 - 46% - 50% - 3:00
PK Defense
1 - 56% - 50% - 3:36
2 - 44% - 50% - 2:52
PK3 Forward
1 - 0% - 50%
2 - 0% - 50%
PK3 Defense
1 - 0% - 50%
2 - 0% - 50%
44 Forward
1 - 0% - 50%
2 - 0% - 50%
44 Defense
1 - 0% - 50%
2 - 0% - 50%
Last Minute Offensive - 0:00
Last Minute Defensive - 0:00
Total
Forward - 60:00
Defense - 60:00
|
Play-by-Play
1st period
0:01 of 1st period - Jean-Luc Foudy wins face-off versus Kevin Stenlund in neutral zone.
0:25 of 1st period - Nicolas Hague is hit by Adam Erne and loses puck.
0:38 of 1st period - Boris Katchouk is hit by Declan Chisholm and loses puck.
1:15 of 1st period - Slapshot by Boris Katchouk.
1:15 of 1st period - Shot Misses the Net.
1:42 of 1st period - Snap shot by Jakub Lauko.
1:42 of 1st period - Shot Misses the Net.
1:44 of 1st period - Snap shot by Jakub Lauko.
1:44 of 1st period - Shot Misses the Net.
1:46 of 1st period - Snap shot by Jakub Lauko.
1:46 of 1st period - Shot Misses the Net.
1:57 of 1st period - Minor Penalty to Aleksi Heponiemi for Tripping.
1:58 of 1st period - Tristen Nielsen wins face-off versus Yegor Chinakhov in Atlantic City Gamblers zone.
2:07 of 1st period - Wrist shot by Keegan Kolesar.
2:07 of 1st period - Stopped by Brian Elliott without a rebound.
2:08 of 1st period - Yegor Chinakhov wins face-off versus Tristen Nielsen in Atlantic City Gamblers zone.
2:26 of 1st period - Wrist shot by Keegan Kolesar.
2:26 of 1st period - Shot Blocked by Thomas Harley.
2:28 of 1st period - Snap shot by Vasily Podkolzin.
2:28 of 1st period - Goal by Vasily Podkolzin - Sarnia Sailors : 1 - Atlantic City Gamblers : 0.
2:29 of 1st period - Keegan Kolesar wins face-off versus Egor Sokolov in neutral zone.
2:35 of 1st period - Off-side.
2:36 of 1st period - Linus Karlsson wins face-off versus Kevin Stenlund in neutral zone.
2:51 of 1st period - Snap shot by Keegan Kolesar.
2:51 of 1st period - Deflect By Vasily Podkolzin.
2:51 of 1st period - Goal by Vasily Podkolzin - Sarnia Sailors : 2 - Atlantic City Gamblers : 0.
2:52 of 1st period - Dominic Toninato wins face-off versus Jean-Luc Foudy in neutral zone.
3:46 of 1st period - Snap shot by Tristen Nielsen.
3:46 of 1st period - Stopped by Brian Elliott with a rebound.
4:02 of 1st period - Wrist shot by Aleksi Heponiemi.
4:02 of 1st period - Deflect By Lucas Edmonds.
4:02 of 1st period - Shot Blocked by Dominic Toninato.
4:02 of 1st period - Puck is out of play.
4:03 of 1st period - Dominic Toninato wins face-off versus Aleksi Heponiemi in Sarnia Sailors zone.
5:28 of 1st period - Off-side.
5:29 of 1st period - Dominic Toninato wins face-off versus Linus Karlsson in neutral zone.
5:54 of 1st period - Jean-Luc Foudy is hit by Jesse Puljujarvi and loses puck.
6:13 of 1st period - Nicolas Hague is hit by Laurent Dauphin and loses puck.
6:22 of 1st period - Laurent Dauphin is hit by Daniil Chayka and loses puck.
6:37 of 1st period - Wrist shot by Kevin Stenlund.
6:37 of 1st period - Stopped by Brian Elliott without a rebound.
6:38 of 1st period - Linus Karlsson wins face-off versus Kevin Stenlund in Atlantic City Gamblers zone.
7:17 of 1st period - Snap shot by Boris Katchouk.
7:17 of 1st period - Stopped by Remi Poirier without a rebound.
7:18 of 1st period - Jesse Puljujarvi wins face-off versus Aleksi Heponiemi in Sarnia Sailors zone.
7:24 of 1st period - Ronnie Attard and Jesse Puljujarvi fight to a draw.
7:24 of 1st period - Penalty to Ronnie Attard for Fighting.
7:24 of 1st period - Penalty to Jesse Puljujarvi for Fighting.
7:24 of 1st period - Penalty to Jesse Puljujarvi for instigated a fight.
7:24 of 1st period - Penalty to Jesse Puljujarvi for instigated a fight.
7:25 of 1st period - Jean-Luc Foudy wins face-off versus Kevin Stenlund in Sarnia Sailors zone.
7:40 of 1st period - Snap shot by Yegor Chinakhov.
7:40 of 1st period - Shot Misses the Net.
9:24 of 1st period - Penalty to Jesse Puljujarvi is over, Brad Lambert is send on ice.
9:40 of 1st period - Filip Roos is hit by Lucas Edmonds and loses puck.
9:53 of 1st period - Alexander Holtz is hit by Daniel Torgersson and loses puck.
10:31 of 1st period - Jakub Lauko is hit by Vasily Podkolzin and loses puck.
12:07 of 1st period - Snap shot by Laurent Dauphin.
12:07 of 1st period - Stopped by Brian Elliott with a rebound.
12:46 of 1st period - Icing by Keegan Kolesar.
12:47 of 1st period - Kevin Stenlund wins face-off versus Hendrix Lapierre in Sarnia Sailors zone.
12:56 of 1st period - Snap shot by Adam Erne.
12:56 of 1st period - Deflect By Yegor Chinakhov.
12:56 of 1st period - Shot Misses the Net.
12:56 of 1st period - Puck is out of play.
12:57 of 1st period - Aleksi Heponiemi wins face-off versus Adam Erne in Atlantic City Gamblers zone.
13:49 of 1st period - Wrist shot by Vasily Podkolzin.
13:49 of 1st period - Deflect By Keegan Kolesar.
13:49 of 1st period - Shot Blocked by Cal Foote.
13:49 of 1st period - Puck is out of play.
13:50 of 1st period - Jean-Luc Foudy wins face-off versus Tristen Nielsen in Atlantic City Gamblers zone.
13:57 of 1st period - Tristen Nielsen is hit by Jean-Luc Foudy and loses puck.
14:16 of 1st period - Adam Ginning is hit by Jakub Lauko and loses puck.
14:41 of 1st period - Snap shot by Linus Karlsson.
14:41 of 1st period - Shot Misses the Net.
14:57 of 1st period - Jean-Luc Foudy is hit by Daniel Torgersson and loses puck.
15:17 of 1st period - Cole Reinhardt is hit by Jakub Lauko and loses puck.
15:36 of 1st period - Slapshot by Yegor Chinakhov.
15:36 of 1st period - Stopped by Remi Poirier without a rebound.
15:37 of 1st period - Yegor Chinakhov wins face-off versus Kevin Stenlund in Sarnia Sailors zone.
15:38 of 1st period - Wrist shot by Hendrix Lapierre.
15:38 of 1st period - Goal by Hendrix Lapierre - Sarnia Sailors : 2 - Atlantic City Gamblers : 1.
15:39 of 1st period - Kevin Stenlund wins face-off versus Jean-Luc Foudy in neutral zone.
15:48 of 1st period - Snap shot by Kevin Stenlund.
15:48 of 1st period - Stopped by Brian Elliott with a rebound.
15:54 of 1st period - Snap shot by Kevin Stenlund.
15:54 of 1st period - Stopped by Brian Elliott with a rebound.
16:08 of 1st period - Yegor Chinakhov is hit by Cole Reinhardt and loses puck.
16:14 of 1st period - Daniil Chayka beats up Robert Hamilton.
16:14 of 1st period - Penalty to Daniil Chayka for Fighting.
16:14 of 1st period - Penalty to Robert Hamilton for Fighting.
16:14 of 1st period - Penalty to Daniil Chayka for instigated a fight.
16:14 of 1st period - Penalty to Daniil Chayka for instigated a fight.
16:15 of 1st period - Keegan Kolesar wins face-off versus Boris Katchouk in neutral zone.
18:14 of 1st period - Penalty to Daniil Chayka is over, Jakub Lauko is send on ice.
18:58 of 1st period - Zach Uens is hit by Jakub Lauko and loses puck.
19:09 of 1st period - Keegan Kolesar is hit by Nicolas Hague.
19:26 of 1st period - Nicolas Hague is hit by Adam Ginning and loses puck.
19:45 of 1st period - Snap shot by Linus Karlsson.
19:45 of 1st period - Shot Blocked by Daniel Torgersson.
19:51 of 1st period - Linus Karlsson is hit by Laurent Dauphin and loses puck.
19:56 of 1st period - Snap shot by Keegan Kolesar.
19:56 of 1st period - Stopped by Brian Elliott with a rebound.
19:58 of 1st period - Snap shot by Laurent Dauphin.
19:58 of 1st period - Shot Misses the Net.
Goals for this period are 2 for Sarnia Sailors vs 1 for Atlantic City Gamblers.
Shots for this period are 9 for Sarnia Sailors vs 3 for Atlantic City Gamblers.
2nd period
0:01 of 2nd period - Jean-Luc Foudy wins face-off versus Kevin Stenlund in neutral zone.
0:28 of 2nd period - Adam Ginning beats up Cal Foote.
0:28 of 2nd period - Penalty to Cal Foote for Fighting.
0:28 of 2nd period - Penalty to Adam Ginning for Fighting.
0:28 of 2nd period - Penalty to Cal Foote for instigated a fight.
0:28 of 2nd period - Penalty to Cal Foote for instigated and being the aggresor in a fight.
0:28 of 2nd period - Cal Foote is ejected from game.
0:29 of 2nd period - Tristen Nielsen wins face-off versus Boris Katchouk in Atlantic City Gamblers zone.
1:00 of 2nd period - Wrist shot by Kevin Stenlund.
1:00 of 2nd period - Shot Misses the Net.
1:02 of 2nd period - Wrist shot by Brad Lambert.
1:02 of 2nd period - Shot Misses the Net.
1:04 of 2nd period - Slapshot by Cole Reinhardt.
1:04 of 2nd period - Shot Blocked by Simon Edvinsson.
1:14 of 2nd period - Penalty to Daniil Chayka is over, Hendrix Lapierre is send on ice.
2:24 of 2nd period - 10 Minutes Misconduct Penalty to Jesse Puljujarvi is over.
2:28 of 2nd period - Penalty to Cal Foote is over, Hendrix Lapierre is send on ice.
2:35 of 2nd period - Lucas Edmonds is hit by Egor Sokolov.
2:49 of 2nd period - Robert Hamilton is hit by Ronnie Attard and loses puck.
3:04 of 2nd period - Robert Hamilton is hit by Aleksi Heponiemi and loses puck.
3:21 of 2nd period - Adam Erne is hit by Yegor Chinakhov and loses puck.
3:32 of 2nd period - Jean-Luc Foudy is hit by Robert Hamilton and loses puck.
3:41 of 2nd period - Wrist shot by Tristen Nielsen.
3:41 of 2nd period - Shot Misses the Net.
3:47 of 2nd period - Slapshot by Jesse Puljujarvi.
3:47 of 2nd period - Deflect By Jean-Luc Foudy.
3:47 of 2nd period - Shot Misses the Net.
3:47 of 2nd period - Puck is out of play.
3:48 of 2nd period - Kevin Stenlund wins face-off versus Aleksi Heponiemi in Atlantic City Gamblers zone.
4:20 of 2nd period - Jamie Drysdale is hit by Hendrix Lapierre and loses puck.
4:33 of 2nd period - Wrist shot by Alexander Holtz.
4:33 of 2nd period - Shot Blocked by Dominic Toninato.
4:35 of 2nd period - Snap shot by Linus Karlsson.
4:35 of 2nd period - Shot Blocked by Lucas Edmonds.
4:37 of 2nd period - Snap shot by Egor Sokolov.
4:37 of 2nd period - Stopped by Remi Poirier without a rebound.
4:38 of 2nd period - Kevin Stenlund wins face-off versus Linus Karlsson in Sarnia Sailors zone.
4:50 of 2nd period - Vasily Podkolzin is hit by Linus Karlsson and loses puck.
5:09 of 2nd period - Wrist shot by Jean-Luc Foudy.
5:09 of 2nd period - Deflect By Jack Rathbone.
5:09 of 2nd period - Shot Misses the Net.
5:09 of 2nd period - Puck is out of play.
5:10 of 2nd period - Jean-Luc Foudy wins face-off versus Vasily Podkolzin in Sarnia Sailors zone.
5:23 of 2nd period - Slapshot by Yegor Chinakhov.
5:23 of 2nd period - Stopped by Remi Poirier with a rebound.
6:02 of 2nd period - Wrist shot by Egor Sokolov.
6:02 of 2nd period - Stopped by Remi Poirier with a rebound.
6:19 of 2nd period - Nicolas Hague is hit by Adam Ginning and loses puck.
6:30 of 2nd period - Backhand shot by Laurent Dauphin.
6:30 of 2nd period - Shot Misses the Net.
6:40 of 2nd period - Slapshot by Nicolas Hague.
6:40 of 2nd period - Stopped by Remi Poirier with a rebound.
6:42 of 2nd period - Slapshot by Ronnie Attard.
6:42 of 2nd period - Shot Blocked by Adam Ginning.
6:44 of 2nd period - Slapshot by Boris Katchouk.
6:44 of 2nd period - Stopped by Remi Poirier without a rebound.
6:45 of 2nd period - Kevin Stenlund wins face-off versus Aleksi Heponiemi in Sarnia Sailors zone.
6:58 of 2nd period - Wrist shot by Kevin Stenlund.
6:58 of 2nd period - Shot Misses the Net.
7:00 of 2nd period - Slapshot by Robert Hamilton.
7:00 of 2nd period - Shot Misses the Net.
7:21 of 2nd period - Icing by Jack Rathbone.
7:22 of 2nd period - Dominic Toninato wins face-off versus Jean-Luc Foudy in Sarnia Sailors zone.
8:07 of 2nd period - Slapshot by Adam Erne.
8:07 of 2nd period - Shot Misses the Net.
8:54 of 2nd period - Snap shot by Vasily Podkolzin.
8:54 of 2nd period - Shot Misses the Net.
8:56 of 2nd period - Backhand shot by Adam Ginning.
8:56 of 2nd period - Stopped by Brian Elliott with a rebound.
8:58 of 2nd period - Snap shot by Kevin Stenlund.
8:58 of 2nd period - Stopped by Brian Elliott with a rebound.
9:00 of 2nd period - Wrist shot by Vasily Podkolzin.
9:00 of 2nd period - Stopped by Brian Elliott with a rebound.
9:39 of 2nd period - Snap shot by Tristen Nielsen.
9:39 of 2nd period - Goal by Tristen Nielsen - Sarnia Sailors : 3 - Atlantic City Gamblers : 1.
9:40 of 2nd period - Kevin Stenlund wins face-off versus Linus Karlsson in neutral zone.
9:46 of 2nd period - Snap shot by Keegan Kolesar.
9:46 of 2nd period - Shot Blocked by Simon Edvinsson.
11:14 of 2nd period - 10 Minutes Misconduct Penalty to Daniil Chayka is over.
11:18 of 2nd period - Wrist shot by Vasily Podkolzin.
11:18 of 2nd period - Shot Misses the Net.
11:20 of 2nd period - Slapshot by Robert Hamilton.
11:20 of 2nd period - Shot Blocked by Filip Roos.
11:44 of 2nd period - Slapshot by Jack Rathbone.
11:44 of 2nd period - Stopped by Brian Elliott with a rebound.
11:58 of 2nd period - Snap shot by Dominic Toninato.
11:58 of 2nd period - Deflect By Lucas Edmonds.
11:58 of 2nd period - Stopped by Brian Elliott with a rebound.
12:00 of 2nd period - Snap shot by Dominic Toninato.
12:00 of 2nd period - Stopped by Brian Elliott with a rebound.
12:02 of 2nd period - Wrist shot by Dominic Toninato.
12:02 of 2nd period - Shot Misses the Net.
12:17 of 2nd period - Off-side.
12:18 of 2nd period - Linus Karlsson wins face-off versus Kevin Stenlund in neutral zone.
12:22 of 2nd period - Icing by Jamie Drysdale.
12:23 of 2nd period - Kevin Stenlund wins face-off versus Aleksi Heponiemi in Sarnia Sailors zone.
12:27 of 2nd period - Off-side.
12:28 of 2nd period - Aleksi Heponiemi wins face-off versus Kevin Stenlund in neutral zone.
12:31 of 2nd period - Slapshot by Nicolas Hague.
12:31 of 2nd period - Stopped by Remi Poirier with a rebound.
13:14 of 2nd period - Slapshot by Alexander Holtz.
13:14 of 2nd period - Shot Misses the Net.
13:18 of 2nd period - Snap shot by Alexander Holtz.
13:18 of 2nd period - Stopped by Remi Poirier with a rebound.
13:39 of 2nd period - Icing by Robert Hamilton.
13:40 of 2nd period - Kevin Stenlund wins face-off versus Hendrix Lapierre in Sarnia Sailors zone.
13:51 of 2nd period - Snap shot by Keegan Kolesar.
13:51 of 2nd period - Stopped by Brian Elliott with a rebound.
13:53 of 2nd period - Wrist shot by Keegan Kolesar.
13:53 of 2nd period - Shot Misses the Net.
14:21 of 2nd period - Wrist shot by Ronnie Attard.
14:21 of 2nd period - Shot Blocked by Zach Uens.
14:23 of 2nd period - Wrist shot by Hendrix Lapierre.
14:23 of 2nd period - Deflect By Yegor Chinakhov.
14:23 of 2nd period - Goal by Yegor Chinakhov - Sarnia Sailors : 3 - Atlantic City Gamblers : 2.
14:24 of 2nd period - Kevin Stenlund wins face-off versus Aleksi Heponiemi in neutral zone.
14:50 of 2nd period - Yegor Chinakhov is hit by Lucas Edmonds and loses puck.
15:10 of 2nd period - Jean-Luc Foudy is hit by Lucas Edmonds and loses puck.
15:28 of 2nd period - 10 Minutes Misconduct Penalty to Cal Foote is over.
15:28 of 2nd period - Off-side.
15:29 of 2nd period - Kevin Stenlund wins face-off versus Aleksi Heponiemi in neutral zone.
15:45 of 2nd period - Off-side.
15:46 of 2nd period - Linus Karlsson wins face-off versus Tristen Nielsen in neutral zone.
15:49 of 2nd period - Snap shot by Alexander Holtz.
15:49 of 2nd period - Stopped by Remi Poirier without a rebound.
15:50 of 2nd period - Tristen Nielsen wins face-off versus Linus Karlsson in Sarnia Sailors zone.
15:57 of 2nd period - Snap shot by Linus Karlsson.
15:57 of 2nd period - Stopped by Remi Poirier with a rebound.
15:59 of 2nd period - Wrist shot by Alexander Holtz.
15:59 of 2nd period - Stopped by Remi Poirier without a rebound.
16:00 of 2nd period - Jean-Luc Foudy wins face-off versus Kevin Stenlund in Sarnia Sailors zone.
16:01 of 2nd period - Slapshot by Yegor Chinakhov.
16:01 of 2nd period - Shot Blocked by Vasily Podkolzin.
16:03 of 2nd period - Wrist shot by Nils Hoglander.
16:03 of 2nd period - Stopped by Remi Poirier with a rebound.
16:05 of 2nd period - Wrist shot by Yegor Chinakhov.
16:05 of 2nd period - Shot Misses the Net.
16:07 of 2nd period - Snap shot by Jean-Luc Foudy.
16:07 of 2nd period - Stopped by Remi Poirier without a rebound.
16:08 of 2nd period - Jean-Luc Foudy wins face-off versus Kevin Stenlund in Sarnia Sailors zone.
16:09 of 2nd period - Snap shot by Yegor Chinakhov.
16:09 of 2nd period - Stopped by Remi Poirier with a rebound.
16:11 of 2nd period - Wrist shot by Jean-Luc Foudy.
16:11 of 2nd period - Stopped by Remi Poirier with a rebound.
16:13 of 2nd period - Slapshot by Ronnie Attard.
16:13 of 2nd period - Shot Misses the Net.
16:14 of 2nd period - Keegan Kolesar beats up Simon Edvinsson.
16:14 of 2nd period - Penalty to Simon Edvinsson for Fighting.
16:14 of 2nd period - Penalty to Keegan Kolesar for Fighting.
16:15 of 2nd period - Brad Lambert wins face-off versus Jean-Luc Foudy in Sarnia Sailors zone.
16:15 of 2nd period - Brad Lambert is hit by Yegor Chinakhov.
16:23 of 2nd period - Wrist shot by Nils Hoglander.
16:23 of 2nd period - Shot Blocked by Declan Chisholm.
16:25 of 2nd period - Snap shot by Nils Hoglander.
16:25 of 2nd period - Stopped by Remi Poirier with a rebound.
16:27 of 2nd period - Slapshot by Nicolas Hague.
16:27 of 2nd period - Shot Misses the Net.
17:15 of 2nd period - Snap shot by Linus Karlsson.
17:15 of 2nd period - Shot Blocked by Dominic Toninato.
17:17 of 2nd period - Snap shot by Egor Sokolov.
17:17 of 2nd period - Shot Blocked by Lucas Edmonds.
17:45 of 2nd period - Ronnie Attard is hit by Adam Erne and loses puck.
18:00 of 2nd period - Snap shot by Boris Katchouk.
18:00 of 2nd period - Stopped by Remi Poirier without a rebound.
18:01 of 2nd period - Aleksi Heponiemi wins face-off versus Laurent Dauphin in Sarnia Sailors zone.
18:33 of 2nd period - Nicolas Hague is hit by Declan Chisholm and loses puck.
18:56 of 2nd period - Kevin Stenlund is hit by Yegor Chinakhov.
19:12 of 2nd period - Wrist shot by Kevin Stenlund.
19:12 of 2nd period - Shot Misses the Net.
19:14 of 2nd period - Slapshot by Jack Rathbone.
19:14 of 2nd period - Stopped by Brian Elliott with a rebound.
19:16 of 2nd period - Slapshot by Jack Rathbone.
19:16 of 2nd period - Deflect By Vasily Podkolzin.
19:16 of 2nd period - Goal by Vasily Podkolzin - Sarnia Sailors : 4 - Atlantic City Gamblers : 2.
19:17 of 2nd period - Tristen Nielsen wins face-off versus Jean-Luc Foudy in neutral zone.
Goals for this period are 2 for Sarnia Sailors vs 1 for Atlantic City Gamblers.
Shots for this period are 10 for Sarnia Sailors vs 17 for Atlantic City Gamblers.
3rd period
0:01 of 3rd period - Kevin Stenlund wins face-off versus Jean-Luc Foudy in neutral zone.
0:07 of 3rd period - Brad Lambert beats up Yegor Chinakhov.
0:07 of 3rd period - Penalty to Yegor Chinakhov for Fighting.
0:07 of 3rd period - Penalty to Brad Lambert for Fighting.
0:08 of 3rd period - Jean-Luc Foudy wins face-off versus Kevin Stenlund in Atlantic City Gamblers zone.
0:19 of 3rd period - Backhand shot by Kevin Stenlund.
0:19 of 3rd period - Deflect By Vasily Podkolzin.
0:19 of 3rd period - Deflect By Jean-Luc Foudy.
0:19 of 3rd period - Shot Blocked by Ronnie Attard.
0:19 of 3rd period - Puck is out of play.
0:20 of 3rd period - Kevin Stenlund wins face-off versus Jean-Luc Foudy in Atlantic City Gamblers zone.
0:27 of 3rd period - Wrist shot by Nils Hoglander.
0:27 of 3rd period - Shot Blocked by Jack Rathbone.
0:29 of 3rd period - Wrist shot by Jean-Luc Foudy.
0:29 of 3rd period - Shot Blocked by Cole Reinhardt.
0:31 of 3rd period - Slapshot by Linus Karlsson.
0:31 of 3rd period - Stopped by Remi Poirier without a rebound.
0:32 of 3rd period - Kevin Stenlund wins face-off versus Jean-Luc Foudy in Sarnia Sailors zone.
1:19 of 3rd period - Laurent Dauphin is hit by Linus Karlsson.
1:46 of 3rd period - Kevin Stenlund is hit by Jean-Luc Foudy and loses puck.
1:57 of 3rd period - Snap shot by Laurent Dauphin.
1:57 of 3rd period - Stopped by Brian Elliott without a rebound.
1:58 of 3rd period - Hendrix Lapierre wins face-off versus Laurent Dauphin in Atlantic City Gamblers zone.
1:58 of 3rd period - Alexander Holtz is hit by Cole Reinhardt.
2:20 of 3rd period - Snap shot by Boris Katchouk.
2:20 of 3rd period - Stopped by Remi Poirier with a rebound.
2:22 of 3rd period - Minor Penalty to Cole Reinhardt for Roughing.
2:23 of 3rd period - Aleksi Heponiemi wins face-off versus Kevin Stenlund in Sarnia Sailors zone.
3:20 of 3rd period - Nicolas Hague is hit by Keegan Kolesar and loses puck.
4:22 of 3rd period - Penalty to Cole Reinhardt is over, Cole Reinhardt is back on ice.
4:55 of 3rd period - Egor Sokolov is hit by Laurent Dauphin and loses puck.
5:11 of 3rd period - Simon Edvinsson is hit by Jesse Puljujarvi and loses puck.
5:28 of 3rd period - Zach Uens is hit by Linus Karlsson and loses puck.
5:58 of 3rd period - Minor Penalty to Declan Chisholm for Hooking.
5:59 of 3rd period - Aleksi Heponiemi wins face-off versus Kevin Stenlund in Sarnia Sailors zone.
6:14 of 3rd period - Wrist shot by Aleksi Heponiemi.
6:14 of 3rd period - Shot Misses the Net.
6:31 of 3rd period - Snap shot by Yegor Chinakhov.
6:31 of 3rd period - Stopped by Remi Poirier with a rebound.
6:33 of 3rd period - Slapshot by Ronnie Attard.
6:33 of 3rd period - Goal by Ronnie Attard - Sarnia Sailors : 4 - Atlantic City Gamblers : 3.
6:34 of 3rd period - Kevin Stenlund wins face-off versus Jean-Luc Foudy in neutral zone.
6:45 of 3rd period - Wrist shot by Kevin Stenlund.
6:45 of 3rd period - Deflect By Jean-Luc Foudy.
6:45 of 3rd period - Stopped by Brian Elliott without a rebound.
6:46 of 3rd period - Kevin Stenlund wins face-off versus Jean-Luc Foudy in Atlantic City Gamblers zone.
6:49 of 3rd period - Wrist shot by Vasily Podkolzin.
6:49 of 3rd period - Shot Misses the Net.
6:51 of 3rd period - Snap shot by Declan Chisholm.
6:51 of 3rd period - Stopped by Brian Elliott with a rebound.
6:53 of 3rd period - Snap shot by Kevin Stenlund.
6:53 of 3rd period - Shot Blocked by Ronnie Attard.
7:07 of 3rd period - Minor Penalty to Nicolas Hague for Holding Stick.
7:08 of 3rd period - Boris Katchouk wins face-off versus Tristen Nielsen in Atlantic City Gamblers zone.
7:34 of 3rd period - Nils Hoglander is hit by Jesse Puljujarvi and loses puck.
7:39 of 3rd period - Snap shot by Jesse Puljujarvi.
7:39 of 3rd period - Stopped by Brian Elliott with a rebound.
7:41 of 3rd period - Wrist shot by Cole Reinhardt.
7:41 of 3rd period - Stopped by Brian Elliott with a rebound.
9:07 of 3rd period - Penalty to Nicolas Hague is over, Nicolas Hague is back on ice.
9:25 of 3rd period - Snap shot by Nicolas Hague.
9:25 of 3rd period - Shot Misses the Net.
9:51 of 3rd period - Snap shot by Adam Erne.
9:51 of 3rd period - Deflect By Dominic Toninato.
9:51 of 3rd period - Shot Misses the Net.
9:51 of 3rd period - Puck is out of play.
9:52 of 3rd period - Linus Karlsson wins face-off versus Dominic Toninato in Atlantic City Gamblers zone.
9:52 of 3rd period - Linus Karlsson is hit by Adam Erne.
10:14 of 3rd period - Snap shot by Boris Katchouk.
10:14 of 3rd period - Shot Blocked by Laurent Dauphin.
10:16 of 3rd period - Snap shot by Aleksi Heponiemi.
10:16 of 3rd period - Stopped by Remi Poirier without a rebound.
10:17 of 3rd period - Aleksi Heponiemi wins face-off versus Kevin Stenlund in Sarnia Sailors zone.
10:24 of 3rd period - Daniil Chayka is hit by Kevin Stenlund and loses puck.
10:31 of 3rd period - Slapshot by Nicolas Hague.
10:31 of 3rd period - Shot Blocked by Keegan Kolesar.
11:40 of 3rd period - Snap shot by Keegan Kolesar.
11:40 of 3rd period - Stopped by Brian Elliott without a rebound.
11:41 of 3rd period - Kevin Stenlund wins face-off versus Hendrix Lapierre in Atlantic City Gamblers zone.
11:44 of 3rd period - Wrist shot by Kevin Stenlund.
11:44 of 3rd period - Stopped by Brian Elliott with a rebound.
11:46 of 3rd period - Snap shot by Vasily Podkolzin.
11:46 of 3rd period - Shot Blocked by Filip Roos.
11:48 of 3rd period - Slapshot by Zach Uens.
11:48 of 3rd period - Deflect By Keegan Kolesar.
11:48 of 3rd period - Goal by Keegan Kolesar - Sarnia Sailors : 5 - Atlantic City Gamblers : 3.
11:49 of 3rd period - Kevin Stenlund wins face-off versus Nils Hoglander in neutral zone.
12:21 of 3rd period - Adam Erne is hit by Egor Sokolov and loses puck.
13:22 of 3rd period - Wrist shot by Vasily Podkolzin.
13:22 of 3rd period - Stopped by Brian Elliott with a rebound.
13:24 of 3rd period - Wrist shot by Keegan Kolesar.
13:24 of 3rd period - Stopped by Brian Elliott without a rebound.
13:25 of 3rd period - Tristen Nielsen wins face-off versus Linus Karlsson in Atlantic City Gamblers zone.
13:51 of 3rd period - Jakub Lauko is hit by Kevin Stenlund and loses puck.
14:00 of 3rd period - Snap shot by Boris Katchouk.
14:00 of 3rd period - Shot Hit the Post.
14:14 of 3rd period - Slapshot by Jack Rathbone.
14:14 of 3rd period - Shot Blocked by Nicolas Hague.
14:16 of 3rd period - Snap shot by Jack Rathbone.
14:16 of 3rd period - Deflect By Dominic Toninato.
14:16 of 3rd period - Stopped by Brian Elliott without a rebound.
14:17 of 3rd period - Dominic Toninato wins face-off versus Hendrix Lapierre in Atlantic City Gamblers zone.
14:33 of 3rd period - Snap shot by Dominic Toninato.
14:33 of 3rd period - Stopped by Brian Elliott with a rebound.
14:35 of 3rd period - Slapshot by Zach Uens.
14:35 of 3rd period - Stopped by Brian Elliott without a rebound.
14:36 of 3rd period - Aleksi Heponiemi wins face-off versus Kevin Stenlund in Atlantic City Gamblers zone.
15:00 of 3rd period - Icing by Jakub Lauko.
15:01 of 3rd period - Tristen Nielsen wins face-off versus Aleksi Heponiemi in Atlantic City Gamblers zone.
15:09 of 3rd period - Ronnie Attard and Declan Chisholm fight to a draw.
15:09 of 3rd period - Penalty to Ronnie Attard for Fighting.
15:09 of 3rd period - Penalty to Declan Chisholm for Fighting.
15:10 of 3rd period - Linus Karlsson wins face-off versus Dominic Toninato in neutral zone.
15:15 of 3rd period - Snap shot by Alexander Holtz.
15:15 of 3rd period - Stopped by Remi Poirier with a rebound.
15:35 of 3rd period - Keegan Kolesar is hit by Nils Hoglander and loses puck.
16:14 of 3rd period - Wrist shot by Kevin Stenlund.
16:14 of 3rd period - Shot Blocked by Nicolas Hague.
16:16 of 3rd period - Wrist shot by Vasily Podkolzin.
16:16 of 3rd period - Stopped by Brian Elliott with a rebound.
16:18 of 3rd period - Slapshot by Zach Uens.
16:18 of 3rd period - Stopped by Brian Elliott with a rebound.
16:20 of 3rd period - Slapshot by Jack Rathbone.
16:20 of 3rd period - Stopped by Brian Elliott with a rebound.
16:22 of 3rd period - Slapshot by Zach Uens.
16:22 of 3rd period - Stopped by Brian Elliott without a rebound.
16:23 of 3rd period - Linus Karlsson wins face-off versus Dominic Toninato in Atlantic City Gamblers zone.
16:28 of 3rd period - Snap shot by Alexander Holtz.
16:28 of 3rd period - Stopped by Remi Poirier with a rebound.
16:30 of 3rd period - Wrist shot by Alexander Holtz.
16:30 of 3rd period - Shot Misses the Net.
16:38 of 3rd period - Slapshot by Egor Sokolov.
16:38 of 3rd period - Shot Misses the Net.
19:21 of 3rd period - Jack Rathbone is hit by Alexander Holtz and loses puck.
19:26 of 3rd period - Slapshot by Alexander Holtz.
19:26 of 3rd period - Shot Misses the Net.
19:28 of 3rd period - Slapshot by Simon Edvinsson.
19:28 of 3rd period - Deflect By Egor Sokolov.
19:28 of 3rd period - Shot Blocked by Robert Hamilton.
19:28 of 3rd period - Puck is out of play.
19:29 of 3rd period - Linus Karlsson wins face-off versus Keegan Kolesar in Sarnia Sailors zone.
19:38 of 3rd period - Wrist shot by Alexander Holtz.
19:38 of 3rd period - Stopped by Remi Poirier with a rebound.
19:56 of 3rd period - Snap shot by Cole Reinhardt.
19:56 of 3rd period - Shot Blocked by Daniil Chayka.
19:58 of 3rd period - Wrist shot by Adam Ginning.
19:58 of 3rd period - Stopped by Brian Elliott without a rebound.
19:59 of 3rd period - Kevin Stenlund wins face-off versus Hendrix Lapierre in Atlantic City Gamblers zone.
Goals for this period are 1 for Sarnia Sailors vs 1 for Atlantic City Gamblers.
Shots for this period are 18 for Sarnia Sailors vs 8 for Atlantic City Gamblers.
Back to the Top